 Dungeon Crawl Stone Soup version 0.27-a0-1587-g5a1362a (webtiles) character file.

Game seed: 9095961262379773939

387 Think the Cutter (level 6, -2/42 HPs)
             Began as an Octopode Fighter on July 17, 2021.
             Killed from afar by a steam dragon (20 damage)
             ... with a ball of steam
             ... on level 6 of the Dungeon on July 18, 2021.
             The game lasted 00:12:33 (2571 turns).

Think the Cutter (Octopode Fighter)                 Turns: 2571, Time: 00:12:34

Health: -2/42      AC:  5    Str: 15    XL:     6   Next: 78%
Magic:  6/6        EV: 11    Int: 11    God:
Gold:   63         SH:  9    Dex: 13    Spells: 5/5 levels left

rFire    . . .     SeeInvis .   a - +0 rapier
rCold    . . .     Faith    .   b - +0 kite shield
rNeg     . . .     Spirit   .   (helmet restricted)
rPois    .         Reflect  .   (no amulet)
rElec    .         Harm     .   h - +4 ring of protection
rCorr    .         Rampage  .   (no ring)
Will     .....                  (no ring)
Stlth    ++........             (no ring)
HPRegen  0.14/turn              (no ring)
MPRegen  0.10/turn              (no ring)
                                (no ring)
                                (no ring)

@: no status effects
A: almost no armour, amphibious, 8 rings, camouflage 1, gelatinous body 1,
(nimble swimmer 1), tentacles
a: no special abilities


You were on level 6 of the Dungeon.
You visited 1 branch of the dungeon, and saw 4 of its levels.

You collected 63 gold pieces.

Inventory:

Hand Weapons
 a - a +0 rapier (weapon)
Missiles
 e - a throwing net (quivered)
Armour
 b - a +0 kite shield (worn)
Jewellery
 h - a +4 ring of protection (left tentacle)
Scrolls
 d - 3 scrolls of identify {unknown}
 f - a scroll of blinking {unknown}
 j - a scroll of magic mapping {unknown}
Potions
 g - a potion of brilliance {unknown}
 i - a potion of curing


   Skills:
 - Level 3.2 Fighting
 + Level 6.0 Short Blades
 + Level 1.8 Throwing
 - Level 3.2 Dodging
 - Level 3.5 Shields


You had 5 spell levels left.
You didn't know any spells.
Your spell library was empty.

Dungeon Overview and Level Annotations

Branches:
Dungeon (3/15)

Altars:
Ru

Shops:
D:1 =   D:6 *


Innate Abilities, Weirdness & Mutations

You cannot wear most types of armour.
You are amphibious.
You can wear up to eight rings at the same time.
Your skin changes colour to match your surroundings (Stealth+).
Your rubbery body absorbs attacks. (AC +1, EV +1)
((You are camouflaged near water. (Stealth+)))
You have tentacles for arms and can constrict up to eight enemies at once.


Message History

You start waiting.
Done waiting.
A hound comes into view.
Found a fizzy yellow potion.
A hound is nearby!
A steam dragon comes into view.
Found Quiffugi's General Store.
The hound barks!
The steam dragon hisses angrily.
The hound bites you but does no damage.
You completely miss the hound. You grab the hound. You constrict the hound.
The hound closely misses you.
You puncture the hound!
The hound is heavily wounded.
You constrict the hound. The hound barely misses you. The hound bites you.
You puncture the hound!
You kill the hound!
The steam dragon breathes steam at you. The ball of steam hits you!
Your Short Blades skill increases to level 6!
Unknown command.
Unknown command.
Okay, then.
Throw: 2 throwing nets
Press: ? - help, Q - select action Shift-Dir - straight line, f - steam dragon
Aim: a steam dragon (catching its breath, 57% to hit)
You throw a throwing net. The throwing net hits the steam dragon.
The steam dragon is caught in the net!
You are engulfed in a cloud of scalding steam.
The steam dragon struggles against the net.
Really wriggl into that cloud of steam?
Okay, then.
Found 10 gold pieces.
The steam dragon struggles against the net.
A phantom comes into view.
The steam dragon struggles against the net.
You hit the steam dragon.
The steam dragon is lightly wounded.
The steam dragon breathes steam at you. The ball of steam hits you!!
You die...

#### .. #####... ...
#....... ..# ###
#....... #.. ##.##
##...... ..##...##
##....... .#.##.#....#
##........
...........####.........
#$#...@!...##...##.....
##..D##..##..#.....##
......##.##...#......#
......####..#.........##
...∩## #............#
.... #...............##
.W. #...................
.. ##........##....#...
#.........#....#...


You could see a steam dragon (caught, catching breath) and a phantom.

Vanquished Creatures
  A water moccasin (D:6)
  A scorpion (D:6)
  A hound (D:6)
  A jelly (D:6)
  An orc priest (D:3)
  A bullfrog skeleton (D:6)
  An orc wizard (D:3)
  2 adders (D:2)
  2 worms
  2 dart slugs
  6 orcs
  7 bats
  4 endoplasms
  3 giant cockroaches
  3 hobgoblins
  7 jackals
  3 ball pythons
  4 frilled lizards
  2 goblins
  3 kobolds
  6 rats
61 creatures vanquished.

Vanquished Creatures (others)
  A ball python (D:2)
  A kobold (D:2)
2 creatures vanquished.

Grand Total: 63 creatures vanquished

Notes
Turn   | Place    | Note
-------+----------+-------------------------------------------
     0 | D:1      | Think the Octopode Fighter began the quest for the Orb.
     0 | D:1      | Reached XP level 1. HP: 16/16 MP: 1/1
   124 | D:1      | Reached XP level 2. HP: 21/21 MP: 2/2
   137 | D:1      | Found Boix Awi's Jewellery Shoppe.
   577 | D:2      | Reached XP level 3. HP: 11/26 MP: 3/3
  1186 | D:2      | Reached skill level 3 in Short Blades
  1235 | D:2      | Reached XP level 4. HP: 31/31 MP: 4/4
  1844 | D:3      | Upgraded the game from 0.27-a0-1579-g97d2440 to
                  | 0.27-a0-1587-g5a1362a
  1884 | D:3      | Found a sacrificial altar of Ru.
  2043 | D:3      | Reached skill level 4 in Short Blades
  2043 | D:3      | Reached XP level 5. HP: 30/36 MP: 5/5
  2268 | D:3      | You fall into a shaft and drop 3 floors!
  2280 | D:6      | Reached skill level 5 in Short Blades
  2282 | D:6      | Reached XP level 6. HP: 26/42 MP: 6/6
  2406 | D:6      | Noticed a water moccasin
  2437 | D:6      | Killed a water moccasin
  2438 | D:6      | Reached skill level 1 in Throwing
  2564 | D:6      | Found Quiffugi's General Store.
  2564 | D:6      | Noticed a steam dragon
  2568 | D:6      | Reached skill level 6 in Short Blades
  2571 | D:6      | Killed from afar by a steam dragon

Illustrated notes

Levels and vault maps discovered:
D:1:      sevenhm_arrival_forest_fort_large_4, layout_basic, serial_shops,
          nicolae_lakefront_shop, kennysheep_boxes
D:2:      layout_loops_ring, lemuel_flame_loot_1
D:3:      layout_basic, okawaru_altar_gauntlet_db,
          nicolae_ru_great_annihilating_truth, mainiacjoe_overflow_alcove_4,
          shapermc_ecumenical_altar_ellora, uniq_terence, uniq_ijyb,
          uniq_natasha
D:6:      gammafunk_steamed_eel, layout_cave_pools,
          gammafunk_ghost_nasty_kobolds, serial_shops, shop

Skill      XL: |  1  2  3  4  5  6 |
---------------+-------------------+-----
Short Blades   | 3 4 5 6 |  6.0
Throwing       | 1 |  1.8
Fighting       | |  3.2
Dodging        | |  3.2
Shields        | |  3.5

Action                   |  1- 3 |  4- 6 || total
-------------------------+-------+-------++-------
Melee: Rapier            |    67 |    68 ||   135
       Constrict         |    18 |    15 ||    33
       Tentacles         |     9 |    10 ||    19
Throw: Throwing net      |       |     1 ||     1
  Use: Potion            |     1 |     1 ||     2
 Stab: Sleeping          |     2 |     3 ||     5
       Paralysed         |       |     1 ||     1
Armor: Skin              |    20 |    11 ||    31
Dodge: Dodged            |    58 |    27 ||    85
Block: Kite shield       |    53 |    28 ||    81

Table legend: (Time is in decaauts)
 A = Elapsed time spent in this place.
 B = Non-inter-level travel time spent in this place.
 C = Inter-level travel time spent in this place.
 D = Time resting spent in this place.
 E = Time spent auto-exploring this place.
 F = Levels seen in this place.
 G = Mean time per level.
                   A        B        C        D        E       F      G
               +--------+--------+--------+--------+--------+-----+--------+
         Total |   2606 |   2586 |     20 |    471 |   1543 |   4 |  651.5 |
       Dungeon |   2606 |   2586 |     20 |    471 |   1543 |   4 |  651.5 |
               +--------+--------+--------+--------+--------+-----+--------+

Top non-repeatable levels by time:
     D:2: 1283 daAuts
     D:1: 580 daAuts
     D:3: 437 daAuts
     D:6: 305 daAuts
